Unix NetHack Version 5.0.0-0 post-release - last build May  4 2026 22:22:43 (774f63e81ad911689b3a0859ea89b322d5daca8d,branch:main).

Game began 2026-05-07 13:27:00, ended 2026-05-07 14:13:53.

246786432, lawful female dwarven Cavewoman

                                                   ----..
                                                 --.....-
                                         ...--   -......|
                               |..-----  -...---........-  |.|
                      ----------...|..-  ---.............--|^|
                      ....@............------.-.---........|.|
                      ...G.--..............................|.|
                      .....---............------..---.|...-|.|
                      ......      ......--     -....|----..|.|
                         ...      -......|   --`....------...|
                                  ------.-----........||...<.|
                                       |..............||...|.|
                                     -----..........--- -.-|)|
                   G              ---..--......--.--    ---|.-
                                  |.....`......|---        |..
                                  |.........^..|
                                  --.......--.--
                                   ---.|..-----
                                     ------
246786432 the Aborigine  St:18/01 Dx:15 Co:18 In:7 Wi:9 Ch:7  Lawful
Dlvl:4  $:5  HP:0(43) Pw:7(7) AC:6  Xp:4 T:2445 

Latest messages:
 F - a tripe ration.
 What do you want to throw? [$ah or ?*] ?
 In what direction? 3
 You kill the gnome!
 a - a +1 club.
 You have trouble lifting a gnome corpse.  Continue? [ynq] (q) q
 There is a gnome corpse here; eat it? [ynq] (n) y
 This gnome corpse is stringy.
 You finish eating the gnome corpse.
 What do you want to throw? [$ah or ?*] ?
 In what direction? 1
 The club misses the gnome lord.
 You see here a +1 club.
 a - a +1 club.
 You hear an E note squeak in the distance.
 There is nothing here to pick up.
 What do you want to throw? [$ah or ?*] ?
 Never mind.
 What do you want to throw? [$ah or ?*] a
 In what direction? 2
 The club misses the gnome lord.
 You swap places with the peaceful gnome lord.
 You see here a +1 club.
 a - a +1 club.
 What do you want to throw? [$ah or ?*] a
 In what direction? 7
 The club hits the gnome lord!
 The gnome lord gets angry!
 The dwarf turns to flee.
 The gnome turns to flee.
 The gnome lord hits!
 What do you want to throw? [$h or ?*] h
 In what direction? 7
 The mace hits the gnome lord.
 The gnome lord hits!
 The gnome lord hits!
 The gnome lord hits!
 The gnome lord wields a mace!
 The gnome lord swings his mace.
 The gnome lord hits!
 The gnome lord swings his mace.
 The gnome lord hits!
 The gnome lord swings his mace.
 The gnome lord hits!
 You die...
 Do you want your possessions identified? [ynq] (y) y
 Do you want to see your attributes? [ynq] (y) y
 Do you want an account of creatures vanquished? [ynaq] (y) y
 Do you want to see your conduct and achievements? [ynq] (y) y
 Do you want to see the dungeon overview? [ynq] (y) y

Inventory:
 Coins    ('$')
  $ - 5 gold pieces
 Amulets  ('"')
  n - a cursed amulet of strangulation
 Armor    ('[')
  q - an uncursed +0 dwarvish iron helm (being worn)
  v - an uncursed +2 orcish helm
  e - an uncursed +0 leather armor (being worn)
 Comestibles  ('%')
  F - an uncursed tripe ration
 Scrolls  ('?')
  l - an uncursed scroll of blank paper
  j - an uncursed scroll of create monster
  y - an uncursed scroll of scare monster
 Potions  ('!')
  m - an uncursed potion of fruit juice
  o - an uncursed potion of levitation
 Tools    ('(')
  s - an uncursed wooden flute
  r - an uncursed skeleton key
  E - an uncursed skeleton key
 Gems/Stones  ('*')
  p - an uncursed worthless piece of orange glass
  A - an uncursed worthless piece of red glass
  C - 2 uncursed worthless pieces of white glass
  c - 21 uncursed flint stones (in quiver pouch)
  d - 24 uncursed rocks

246786432 the Cavewoman's attributes:

Background:
 You were an Aborigine, a level 4 dwarven Cavewoman.
 You were lawful, on a mission for Anu
 who was opposed by Ishtar (neutral) and Anshar (chaotic).
 You were right-handed.
 You were in the Gnomish Mines, on level 4.
 You entered the dungeon 2445 turns ago.
 You had 151 experience points, 9 more were needed to attain level 5.

Basics:
 You had 0 out of 43 hit points.
 You had all 7 energy points (spell power).
 Your armor class was 6.
 Your wallet contained 5 zorkmids.
 Autopickup was off.

Final Characteristics:
 Your strength was 18/01 (peak:18/03, limit:18/100).
 Your dexterity was 15 (limit:20).
 Your constitution was 18 (limit:20).
 Your intelligence was 7 (limit:16).
 Your wisdom was 9 (limit:16).
 Your charisma was 7 (limit:16).

Final Status:
 You weren't hungry.
 You were unencumbered.
 You were bare handed.
 You had basic skill with bare handed combat.

Final Attributes:
 You were fervently aligned.
 You had infravision.
 You were warded.
 You were unlucky.
 You are dead.

Miscellaneous:
 You didn't encounter any bones levels.
 Total elapsed playing time was 46 minutes and 49 seconds.

Major events:
 Turn
    1: 246786432 the lawful dwarven Cavewoman entered the dungeon
  798: attained the rank of Aborigine (level 3)
 1344: entered the Gnomish Mines
 2445: killed by a gnome lord

You didn't know any spells.

Skills:
 Fighting Skills
   bare handed combat [Basic]
 Weapon Skills
   dagger             [Unskilled]
   knife              [Unskilled]
   axe                [Unskilled]
   pick-axe           [Unskilled]
   club               [Basic]
   mace               [Unskilled]
   morning star       [Unskilled]
   flail              [Unskilled]
   hammer             [Unskilled]
   quarterstaff       [Unskilled]
   polearms           [Unskilled]
   spear              [Unskilled]
   trident            [Unskilled]
   bow                [Unskilled]
   sling              [Basic]
   boomerang          [Unskilled]
   unicorn horn       [Unskilled]
 Spellcasting Skills
   attack spells      [Unskilled]
   matter spells      [Unskilled]

Voluntary challenges:
 Character rerolling was not enabled.
 You were illiterate.
 You never genocided any monsters.
 You never polymorphed an object.
 You never changed form.
 You used no wishes.
Achievements:
 You entered a shop.
 You attained the rank of Aborigine.
 You entered the Gnomish Mines.

 The Dungeons of Doom: levels 1 to 4
    Level 1:
       An altar, a fountain.
    Level 2:
       A fountain, a grave.
    Level 3:
       A general store, a fountain.
       Stairs down to The Gnomish Mines.
    Level 4:
       An altar, a fountain.
 The Gnomish Mines:
    Level 4: <- You were here.
       Final resting place for
          you, killed by a gnome lord.


Vanquished creatures:
  a shrieker
  a gnome leader
  a giant ant
  a little dog
  2 homunculi
  2 gas spores
  a hobgoblin
  a giant rat
  a yellow mold
  5 gnomes
  a gecko
  3 jackals
  4 goblins
  5 grid bugs
  3 lichens
  2 kobold zombies
  7 newts
41 creatures vanquished.

No species were genocided or became extinct.

Game over:
                       ----------
                      /          \
                     /    REST    \
                    /      IN      \
                   /     PEACE      \
                  /                  \
                  |    246786432     |
                  |       5 Au       |
                  |   killed by a    |
                  |    gnome lord    |
                  |                  |
                  |                  |
                  |       2026       |
                 *|     *  *  *      | *
        _________)/\\_//(\/(/\)/\//\/|_)_______

Goodbye 246786432 the Cavewoman...

You died in The Gnomish Mines on dungeon level 4 with 759 points,
and 5 pieces of gold, after 2445 moves.
You were level 4 with a maximum of 43 hit points when you died.

